 Dungeon Crawl Stone Soup version 0.26-a0-651-gb41185065b (webtiles) character file.

Game seed: 11350610075887353223

174165 Apogee the Stormcaller (level 17, 0/107 HPs)
             Began as a Deep Elf Air Elementalist on Oct 5, 2020.
             Was a High Priest of Vehumet.
             Killed from afar by a merfolk aquamancer (38 damage)
             ... with a shard of ice
             ... on level 1 of the Shoals.
             The game lasted 01:35:54 (40388 turns).

Apogee the Stormcaller (Deep Elf Air Elementalist) Turns: 40388, Time: 01:35:54

Health: 0/107      AC: 14    Str:  5    XL:     17   Next: 44%
Magic:  42/44      EV: 18    Int: 28    God:    Vehumet [*****.]
Gold:   1448       SH: 11    Dex: 15    Spells: 11/40 levels left

rFire    . . .     SeeInvis +   K - +7 spear of Oxiasuse {vorpal, +Inv MP+9}
rCold    . . .     Faith    .   U - +1 buckler
rNeg     . . .     Spirit   .   w - +2 robe {Archmagi}
rPois    .         Reflect  +   y - +2 hat
rElec    .         Harm     .   g - +0 cloak
rCorr    .         Rampage  .   f - +0 pair of gloves
MR       +....                  I - +0 pair of boots
Stlth    ++++......             F - amulet of reflection
HPRegen  0.27/turn              z - ring of see invisible
MPRegen  0.29/turn              Y - +4 ring of protection

@: afraid, barbed spikes, slowed, studying Long Blades, very slow
A: no striking features
a: Renounce Religion, Evoke Invisibility


You were on level 1 of the Shoals.
You worshipped Vehumet.
Vehumet was extremely pleased with you.
You visited 5 branches of the dungeon, and saw 25 of its levels.

You collected 2604 gold pieces.
You spent 1156 gold pieces at shops.

Inventory:

Hand Weapons
 K - the +7 spear of Oxiasuse (weapon) {vorpal, +Inv MP+9}
   (You found it on level 3 of the Lair of Beasts)

   It inflicts extra damage upon your enemies.
   It affects your magic capacity (+9).
   It lets you turn invisible.
Missiles
 O - 2 throwing nets (quivered) {!f}
Armour
 f - a +0 pair of gloves (worn)
   (You found it on level 1 of the Dungeon)
 g - a +0 cloak (worn)
   (You found it on level 1 of the Dungeon)
 w - a +2 robe of the Archmagi (worn)
   (You took it off a wight on level 5 of the Dungeon)
 y - a +2 hat (worn)
   (You bought it in a shop on level 5 of the Dungeon)
 I - a +0 pair of boots (worn)
   (You found it on level 5 of the Dungeon)
 U - a +1 buckler (worn)
   (You took it off a tengu conjurer on level 13 of the Dungeon)
Jewellery
 i - an uncursed ring of protection from fire
   (You found it on level 2 of the Dungeon)
 o - an uncursed ring of protection from cold
   (You took it off an orc on level 4 of the Dungeon)
 z - a ring of see invisible (left hand)
   (You found it on level 5 of the Lair of Beasts)
 F - an amulet of reflection (around neck)
   (You found it on level 7 of the Dungeon)
 Y - a +4 ring of protection (right hand)
   (You found it on level 1 of the Lair of Beasts)
Wands
 c - a wand of disintegration (18)
   (You found it on level 3 of the Lair of Beasts)
 d - a wand of iceblast (14)
   (You found it on level 4 of the Lair of Beasts)
 t - a wand of flame (20)
   (You found it on level 6 of the Dungeon)
 u - a wand of paralysis (8)
   (You took it off a centaur on level 6 of the Dungeon)
 v - a wand of digging (3)
   (You found it on level 7 of the Dungeon)
 x - a wand of acid (3)
   (You found it on level 3 of the Dungeon)
 Z - a wand of polymorph (10)
   (You found it on level 1 of the Lair of Beasts)
Scrolls
 a - a scroll of summoning
 e - 11 scrolls of remove curse {@r2}
 m - a scroll of fog
 q - a scroll of immolation {!r}
 r - 11 scrolls of teleportation {@r4}
 A - 8 scrolls of fear
 B - 6 scrolls of enchant weapon
 D - 3 scrolls of enchant armour
 L - a scroll of magic mapping
 M - a scroll of blinking
 Q - a scroll of vulnerability {!r}
 T - a scroll of amnesia
 V - a scroll of silence
 X - 3 scrolls of brand weapon
Potions
 b - 11 potions of curing {@q1}
 h - 5 potions of stabbing
 l - 5 potions of heal wounds {@q2}
 n - a potion of degeneration {unknown}
 p - 6 potions of flight
 s - 4 potions of haste {@q3}
 E - a potion of invisibility {unknown}
 G - 2 potions of brilliance
 J - 2 potions of magic
 N - 4 potions of cancellation
 P - 4 potions of mutation {!q}
 R - 5 potions of lignification {!q}
 S - a potion of might {unknown}
 W - a potion of resistance {unknown}
Books
 k - a manual of Long Blades {!d}
   (You found it on level 4 of the Lair of Beasts)


   Skills:
 - Level 12.3 Fighting
 - Level 5.0 Armour
 - Level 8.5 Dodging
 - Level 8.0 Stealth
 - Level 5.0 Shields
 * Level 12.2 Spellcasting
 - Level 6.0 Conjurations
 - Level 9.9 Ice Magic
 + Level 16.9 Air Magic


You had 11 spell levels left.
You knew the following spells:

 Your Spells              Type           Power        Failure   Level
a - Ozocubu's Armour      Ice            #######.     1%          3
b - Airstrike             Air            ########..   1%          4
c - Lightning Bolt        Conj/Air       #######...   1%          5
d - Freezing Cloud        Conj/Ice/Air   #######...   1%          6
i - Iskenderun's Battles  Conj           ######..     2%          5
s - Swiftness             Air            ########     0%          2
x - Iskenderun's Mystic   Conj/Tloc      ######..     2%          4

Your spell library contained the following spells:

 Spells                   Type           Power        Failure   Level
 Conjure Ball Lightning   Conj/Air       #######...   1%          6
 Foxfire                  Conj/Fire      ####         1%          1
 Freeze                   Ice            ####         1%          1
 Magic Dart               Conj           ####         1%          1
 Shock                    Conj/Air       ####         1%          1
 Searing Ray              Conj           ######       1%          2
 Conjure Flame            Conj/Fire      ######..     1%          3
 Dazzling Flash           Conj/Hex       ######       1%          3
 Frozen Ramparts          Ice            ######       1%          3
 Static Discharge         Conj/Air       #######.     1%          3
 Hailstorm                Conj/Ice       #######.     1%          4
 Summon Lightning Spire   Summ/Air       #######.     1%          4
 Ignite Poison            Fire/Tmut/Pois ####....     2%          3
 Inner Flame              Hex/Fire       ####....     2%          3
 Fulminant Prism          Conj/Hex       ######....   2%          4
 Sticky Flame             Conj/Fire      ######..     2%          4
 Summon Small Mammal      Summ           ####         3%          1
 Call Imp                 Summ           ####....     4%          2
 Summon Ice Beast         Ice/Summ       ######..     4%          4
 Fireball                 Conj/Fire      ######....   7%          5
 Call Canine Familiar     Summ           ####....     10%         3
 Summon Guardian Golem    Hex/Summ       ####....     10%         3
 Bolt of Magma            Conj/Fire/Erth #####.....   11%         5
 Tornado                  Air            ########..   58%         9
 Ignition                 Fire           ####......   100%        8
 Shatter                  Erth           ####......   100%        9


Dungeon Overview and Level Annotations

Branches:
Dungeon (15/15)            Temple (1/1) D:4            Lair (6/6) D:8
 Shoals (1/4) Lair:3       Spider (0/4) Lair:2        Slime (0/5) Lair:5
    Orc (2/2) D:9             Elf (0/3) Orc:2        Vaults (0/5) D:14
 Depths (0/5) D:15

Altars:
Ashenzari
Cheibriados
Dithmenos
Elyvilon
Fedhas
Gozag
Hepliaklqana
Kikubaaqudgha
Makhleb
Nemelex Xobeh
Okawaru
Qazlal
Ru
Sif Muna
Trog
Uskayaw
Vehumet
Wu Jian
Xom
Yredelemnul
Zin
The Shining One
Beogh

Shops:
D:5 *   D:6 *   D:13 :   Orc:2 :(*

Annotations:
D:3 Eustachio
D:11 exclusion: door
D:14 2 runed translucent doors, exclusion: orange crystal statue, Ageugel's ghost, journeyman MiFi; Roxanne


Message History

The barbed spikes become lodged in your body.
* * * LOW HITPOINT WARNING * * *
Splash!
You fall into the shallow water.
Moving in this stuff is going to be slow.
The merfolk aquamancer gestures wildly while chanting.
The merfolk aquamancer blinks!
You see here a sling bullet.
You feel much better. The water elemental hits you.
The water elemental engulfs you in water!
The water nymph gestures at you while chanting.
The water swirls and strikes you!!
* * * LOW HITPOINT WARNING * * *
You feel much better.
* * * LOW HITPOINT WARNING * * *
Your lungs strain for air!
Your surroundings seem slightly different.
A wind drake comes into view.
The wind drake hisses angrily.
The faun completely misses you.
The faun shoots a sling bullet.
The sling bullet hits you.
* * * LOW HITPOINT WARNING * * *
The faun gestures at you while chanting.
You feel yourself slow down. The wind drake flaps its wings at you.
The air twists around and strikes you.
* * * LOW HITPOINT WARNING * * *
The manticore bites you.
* * * LOW HITPOINT WARNING * * *
The manticore claws you but does no damage.
You block the manticore's attack.
The satyr plays a frightful melody on his pipes!
The satyr radiates an aura of fear!
You are terrified of the satyr!
The faun shoots a stone.
You reflect the stone off an invisible shield around you!
The stone hits the faun!!
Unknown command.
You feel much better.
You gasp with relief as air once again reaches your lungs.
You block the faun's attack.
The faun shoots a sling bullet.
You reflect the sling bullet off an invisible shield around you!
The sling bullet hits the faun!
You hear a splash.
The manticore misses you. The manticore claws you!
* * * LOW HITPOINT WARNING * * *
The manticore barely misses you.
The merfolk aquamancer casts a spell at you.
The shard of ice hits you!!!
You die...

≈$..≈≈..#..≈≈≈≈≈≈
≈≈≈≈≈..≈≈.....≈≈≈≈≈
≈≈≈P≈P≈≈≈≈...≈≈≈≈≈≈
≈≈PPP≈≈≈≈.....≈≈≈≈≈
≈≈≈≈≈≈..≈§##≈≈≈≈≈≈≈
≈P≈≈≈P≈≈≈m(≈≈.≈≈≈≈≈
≈≈≈≈≈≈EcEcH(≈.≈≈≈≈≈
≈≈≈≈≈≈Hmc(...?≈≈≈≈≈
≈≈≈≈≈≈c@EcE...≈≈≈≈≈
≈≈≈≈≈≈.#[#.[...≈≈≈≈
≈≈≈≈≈#.....#...≈≈≈≈
≈≈≈≈≈...........≈≈≈
≈≈≈ ≈..≈≈≈$..#..≈≈≈
≈≈ ≈≈.≈≈≈≈≈......≈≈
≈ #≈.≈≈ ≈≈≈≈..#
≈..≈≈ ≈≈≈≈...


You could see a satyr (scary), a merfolk aquamancer, 4 fauns, 2 manticores, 4
water elementals and a water nymph.

Vanquished Creatures
  Rupert (D:13)
  A fire giant (D:15)
  2 orc warlords
  A stone giant (Orc:2)
  A dire elephant (Lair:6)
  Josephine (Lair:5)
  A fire dragon (Lair:2)
  Fannar (D:10)
  Harold (D:9)
  A merfolk impaler (Shoals:1)
  4 vault guards (D:14)
  4 hydras
  A merfolk avatar (Lair:6)
  3 merfolk aquamancers
  2 two-headed ogres
  2 centaur warriors
  A tengu warrior (D:14)
  Urug (Lair:5)
  5 orc high priests
  5 skeletal warriors (D:14)
  3 unseen horrors
  Pikel (D:9)
  5 orc knights
  2 harpies (Lair:6)
  A wolf spider (Lair:2)
  2 manticores
  11 ugly things
  2 cyclopes
  4 orc sorcerers
  4 oklob plants (Lair:5)
  A deep elf mage (D:15)
  2 centaur zombies
  21 elephants
  3 black mambas
  A merfolk siren (Shoals:1)
  A torpor snail (Lair:6)
  6 cane toads
  4 rime drakes
  3 komodo dragons
  A tengu conjurer (D:13)
  9 polar bears
  2 hornets (Lair:6)
  12 trolls
  A wind drake (Lair:6)
  Prince Ribbit (D:6)
  8 blink frogs
  2 blink frogs (shapeshifter)
  9 hippogriffs
  A shadow (D:14)
  Sigmund (D:6)
  2 vampires (D:10)
  5 slime creatures (D:12)
  6 wraiths
  42 yaks
  A fire elemental (Orc:2)
  3 water elementals
  5 basilisks
  4 wyverns
  Grum (D:8)
  8 humans
  5 wargs
  4 porcupines
  12 water moccasins
  A soldier ant (D:12)
  2 acid dragons
  A black bear (D:7)
  An eye of draining (D:11)
  2 sky beasts
  A necrophage (D:11)
  12 ice beasts
  37 orc warriors
  4 phantoms
  12 ogres
  15 wolves
  13 crocodiles
  14 centaurs
  2 lemures (D:9)
  Blork the orc (D:6)
  2 big kobolds
  25 bullfrogs
  A wyvern zombie (D:8)
  7 scorpions
  4 killer bees (D:8)
  13 wights
  3 electric eels
  A howler monkey (D:4)
  A quasit (D:14)
  7 hounds
  3 jellies
  A wyvern simulacrum (D:14)
  22 orc priests
  3 bullfrog skeletons
  7 centaur skeletons
  27 orc wizards
  12 worker ants
  A killer bee zombie (D:7)
  A howler monkey zombie (D:8)
  3 worker ant zombies
  2 howler monkey skeletons
  15 adders
  A gnoll (D:1)
  3 shadow imps
  A white imp (D:5)
  6 ufetubi
  2 oozes
  2 adder zombies
  2 worms
  2 dart slugs
  5 leopard geckos
  87 orcs
  2 ball pythons
  3 giant cockroaches
  9 goblins
  7 hobgoblins
  10 jackals
  7 quokkas
  A ball python skeleton (D:5)
  8 bats
  4 frilled lizards
  A jackal zombie (D:6)
  17 kobolds
  2 quokka skeletons
  A quokka zombie (D:5)
  7 rats
730 creatures vanquished.

Vanquished Creatures (others)
  A vault guard (D:14)
  48 fungi
  71 plants
120 creatures vanquished.

Grand Total: 850 creatures vanquished

Notes
Turn   | Place    | Note
-------+----------+-------------------------------------------
     0 | D:1      | Apogee the Deep Elf Air Elementalist began the quest for
                  | the Orb.
     0 | D:1      | Reached XP level 1. HP: 10/10 MP: 6/6
   172 | D:1      | Reached XP level 2. HP: 9/15 MP: 0/8
   242 | D:1      | Learned a level 2 spell: Swiftness
   686 | D:1      | Reached XP level 3. HP: 19/19 MP: 3/10
  1415 | D:2      | Found a shadowy altar of Dithmenos.
  1572 | D:2      | Reached XP level 4. HP: 24/24 MP: 10/12
  1742 | D:2      | Learned a level 4 spell: Airstrike
  2076 | D:3      | Reached skill level 4 in Air Magic
  2279 | D:3      | Found a blossoming altar of Fedhas.
  2279 | D:3      | Found a burning altar of Makhleb.
  2956 | D:4      | Noticed Eustachio
  2956 | D:4      | Noticed an ogre
  3043 | D:4      | Reached skill level 5 in Spellcasting
  3043 | D:4      | Reached XP level 5. HP: 23/28 MP: 7/14
  3447 | D:4      | Killed an ogre
  3447 | D:4      | Reached skill level 5 in Air Magic
  3447 | D:4      | Reached XP level 6. HP: 32/32 MP: 5/16
  3930 | D:4      | Reached skill level 6 in Air Magic
  4233 | D:4      | Found a staircase to the Ecumenical Temple.
  4409 | Temple   | Entered the Ecumenical Temple
  4512 | Temple   | Became a worshipper of Vehumet
  4544 | D:5      | Entered Level 5 of the Dungeon
  4933 | D:5      | Found an iron altar of Okawaru.
  4935 | D:5      | Reached XP level 7. HP: 36/36 MP: 9/18
  5153 | D:5      | Found a shimmering blue altar of Sif Muna.
  5297 | D:5      | Found Gisheopt's General Store.
  5303 | D:5      | Bought a +2 hat for 176 gold pieces
  5419 | D:6      | Reached skill level 7 in Air Magic
  5716 | D:6      | Noticed Sigmund
  5718 | D:6      | Killed Sigmund
  5718 | D:6      | Reached skill level 8 in Air Magic
  5718 | D:6      | Reached XP level 8. HP: 40/41 MP: 12/21
  5900 | D:6      | Found a white marble altar of Elyvilon.
  5905 | D:6      | Noticed Blork the orc
  5909 | D:6      | Killed Blork the orc
  6038 | D:6      | Reached skill level 1 in Fighting
  6098 | D:6      | Learned a level 5 spell: Lightning Bolt
  6117 | D:6      | Noticed Prince Ribbit
  6120 | D:6      | Killed Prince Ribbit
  6208 | D:6      | Reached * piety under Vehumet
  6208 | D:6      | Offered knowledge of Freeze by Vehumet.
  6642 | D:6      | Found Kanaw's Assorted Antiques.
  7029 | D:7      | Reached skill level 5 in Dodging
  7031 | D:7      | Reached XP level 9. HP: 49/49 MP: 8/23
  7455 | D:7      | Reached skill level 5 in Conjurations
  7769 | D:7      | Reached ** piety under Vehumet
  7769 | D:7      | Offered knowledge of Searing Ray by Vehumet.
  8359 | D:7      | Found a sparkling altar of Nemelex Xobeh.
  8925 | D:8      | Reached skill level 5 in Fighting
  9328 | D:8      | Reached XP level 10. HP: 58/59 MP: 2/24
  9599 | D:8      | Offered knowledge of Ignite Poison by Vehumet.
 10056 | D:8      | Reached *** piety under Vehumet
 10169 | D:8      | Noticed Grum
 10286 | D:8      | Killed Grum
 10286 | D:8      | Reached skill level 9 in Air Magic
 10464 | D:8      | Reached skill level 5 in Stealth
 10479 | D:8      | Offered knowledge of Conjure Flame by Vehumet.
 10956 | D:8      | Found a staircase to the Lair.
 11011 | D:8      | Found a basalt altar of Yredelemnul.
 11301 | D:9      | Found a hazy altar of Hepliaklqana.
 11302 | D:9      | Found an ancient bone altar of Kikubaaqudgha.
 11302 | D:9      | Found a sacrificial altar of Ru.
 11303 | D:9      | Found a glowing silver altar of Zin.
 11587 | D:9      | Found a staircase to the Orcish Mines.
 11819 | D:9      | Reached **** piety under Vehumet
 11882 | D:9      | Offered knowledge of Irradiate by Vehumet.
 12085 | D:9      | Noticed Pikel
 12087 | D:9      | Killed Pikel
 13102 | D:9      | Reached XP level 11. HP: 66/66 MP: 12/26
 13250 | D:9      | Noticed Harold
 13263 | D:9      | Killed Harold
 13596 | D:10     | Entered Level 10 of the Dungeon
 13624 | D:10     | Noticed Fannar
 14741 | D:10     | Learned a level 4 spell: Iskenderun's Mystic Blast
 14764 | D:10     | Killed Fannar
 15229 | D:10     | Reached skill level 1 in Armour
 15704 | D:10     | Killed an unseen horror
 17042 | D:11     | Noticed a five-headed hydra
 17160 | D:11     | Reached skill level 10 in Air Magic
 17236 | D:11     | Noticed a white ugly thing
 17245 | D:11     | Killed a white ugly thing
 17245 | D:11     | Reached ***** piety under Vehumet
 17467 | D:11     | Killed a five-headed hydra
 17467 | D:11     | Offered knowledge of Freezing Cloud by Vehumet.
 17619 | D:12     | Noticed a two-headed ogre
 17623 | D:12     | Killed a two-headed ogre
 17841 | D:12     | Reached XP level 12. HP: 74/74 MP: 16/27
 17922 | D:12     | Learned a level 6 spell: Freezing Cloud
 18024 | D:12     | Reached skill level 5 in Armour
 18190 | D:12     | Reached skill level 1 in Ice Magic
 18643 | D:13     | Noticed a centaur warrior
 18644 | D:13     | Killed a centaur warrior
 18644 | D:13     | Reached skill level 11 in Air Magic
 18665 | D:13     | Noticed a two-headed ogre
 18671 | D:13     | Killed a two-headed ogre
 18819 | D:13     | Found Duon's Book Emporium.
 19147 | D:13     | Noticed Rupert
 19195 | D:13     | Killed Rupert
 19195 | D:13     | Reached skill level 5 in Ice Magic
 20259 | D:13     | Reached skill level 1 in Shields
 20259 | D:13     | Reached skill level 12 in Air Magic
 20690 | D:14     | Killed a vault guard
 20855 | Lair:1   | Entered Level 1 of the Lair of Beasts
 22504 | Lair:1   | Reached XP level 13. HP: 78/78 MP: 20/28
 22935 | Lair:1   | Offered knowledge of Iskenderun's Battlesphere by Vehumet.
 22942 | Lair:1   | Learned a level 5 spell: Iskenderun's Battlesphere
 23235 | Lair:2   | Found a hole to the Spider Nest.
 23890 | Lair:2   | Found a dark tunnel.
 24120 | Lair:2   | Noticed a fire dragon
 24126 | Lair:2   | Killed a fire dragon
 24126 | Lair:2   | Reached skill level 5 in Shields
 24497 | Lair:3   | Reached skill level 10 in Spellcasting
 24596 | Lair:3   | Got a brightly glowing spear
 25128 | Lair:3   | Found a staircase to the Shoals.
 25161 | Lair:3   | Identified the +7 spear of Oxiasuse {vorpal, +Inv MP+9}
                  | (You found it on level 3 of the Lair of Beasts)
 25429 | Lair:3   | Found an opulent altar of Gozag.
 25656 | Shoals:1 | Entered Level 1 of the Shoals
 26264 | Shoals:1 | Noticed a merfolk impaler
 27031 | Lair:5   | Noticed Urug
 27036 | Lair:5   | Killed Urug
 27036 | Lair:5   | Reached skill level 13 in Air Magic
 27295 | Lair:5   | Noticed Josephine
 27300 | Lair:5   | Killed Josephine
 27852 | D:13     | Bought a book of the Tempests for 980 gold pieces
 27909 | D:14     | Reached skill level 10 in Fighting
 27913 | D:14     | Reached XP level 14. HP: 88/88 MP: 6/30
 28202 | D:14     | Found a gate to the Vaults.
 28793 | D:14     | Found a runed translucent door.
 28794 | D:14     | Noticed Ageugel's ghost (journeyman MiFi)
 29107 | D:14     | Offered knowledge of Bolt of Magma by Vehumet.
 29162 | D:14     | Reached skill level 14 in Air Magic
 29683 | Lair:5   | Got a transparent mace
 29838 | Lair:5   | Found a staircase to the Slime Pits.
 30833 | Lair:6   | Entered Level 6 of the Lair of Beasts
 32099 | Lair:6   | Reached skill level 15 in Air Magic
 33231 | Lair:6   | Offered knowledge of Yara's Violent Unravelling by Vehumet.
 34037 | D:14     | Identified the +9 mace of the Spheres {freeze, rPois rC+
                  | Str-3 SInv} (You found it on level 5 of the Lair of Beasts)
 34085 | D:14     | Reached XP level 15. HP: 96/96 MP: 32/32
 34086 | D:14     | Reached XP level 16. HP: 102/102 MP: 33/33
 34111 | D:14     | Found a runed translucent door.
 34116 | D:14     | Identified Roxanne's Guide on Moulding
 34116 | D:14     | Noticed Roxanne
 34476 | D:14     | Identified the +9 short sword of Kismet {venom, +Fly rN++}
 34476 | D:14     | Identified the ring of Autumn {rC+ MR+ Int+4}
 34505 | D:15     | Entered Level 15 of the Dungeon
 34513 | D:15     | Found a staircase to the Depths.
 34528 | D:15     | Reached XP level 17. HP: 60/107 MP: 23/34
 35361 | D:15     | Reached skill level 16 in Air Magic
 35428 | D:15     | Found a blossoming altar of Fedhas.
 35524 | D:15     | Identified the Handbook of Flames
 35645 | D:15     | Identified a scroll of acquirement
 35646 | D:15     | Acquired a book of Frost
 35652 | D:15     | Learned a level 3 spell: Ozocubu's Armour
 35892 | Orc:1    | Entered Level 1 of the Orcish Mines
 36260 | Orc:2    | Entered Level 2 of the Orcish Mines
 37924 | Orc:2    | Found Ejarghop's Antique Weapon Shoppe.
 37934 | Orc:2    | Found Awusch's Antique Armour Emporium.
 38327 | Orc:2    | Found a staircase to the Elven Halls.
 38327 | Orc:2    | Found a roughly hewn altar of Beogh.
 38348 | Orc:2    | Found Hoypli Kaa's Book Boutique.
 39174 | Orc:2    | Found Haasoeti's General Store.
 39569 | Orc:2    | Offered knowledge of Conjure Ball Lightning by Vehumet.
 40388 | Shoals:1 | Killed from afar by a merfolk aquamancer

Illustrated notes

Levels and vault maps discovered:
D:1:      nicolae_arrival_memento_mori, layout_rooms
D:2:      layout_basic, hex_large, minmay_misc_feat_square,
          nicolae_dithmenos_shadow_blocks
D:3:      minmay_wonky_spiral, layout_basic, gammafunk_temple_overflow_pools
D:4:      layout_rooms, temple_fountains, serial_forest,
          infiniplex_forest_lined_3, infiniplex_forest_clump_curved,
          infiniplex_forest_clump_long, infiniplex_forest_lined_room_3,
          infiniplex_forest_clump_curved, infiniplex_forest_end_1,
          kennysheep_generic_room_15, uniq_eustachio
D:5:      layout_loops_ring, lemuel_doored_altar, serial_shops,
          nicolae_shop_temple_entry_statues_fountains, okawaru_ov_weapons_minmay
D:6:      layout_rooms, old_standard_altar, serial_shops, kennysheep_mini,
          uniq_blork_the_orc, uniq_sigmund, uniq_prince_ribbit1
D:7:      layout_loops_corners, nicolae_overflow_hidden_temple
D:8:      kennysheep_spiral_hall, layout_layer_cave, yredelemnul_altar_generic,
          uniq_grum
D:9:      layout_basic, chequers_temple_overflow_statue_of_worship, erik_orc_4,
          serial_glass, glass_columns_a, glass_columns_c, glass_columns_c,
          glass_columns_c, item_on_display_a, minmay_strange_pillars,
          uniq_pikel, uniq_harold
D:10:     layout_gridville, eino_small_chamber_without_monster, uniq_fannar
D:11:     layout_roguey, minmay_misc_feat_nine_boxes
D:12:     layout_basic
D:13:     layout_roguey, serial_shops, nicolae_shop_waterfront, uniq_rupert
D:14:     layout_loops_corners, ximxim_vaults_locker_room, solitary_fountain,
          gammafunk_ghost_grave, minmay_crystal_box, uniq_roxanne
D:15:     grunt_enter_depths_giant_problem, layout_gridville, fedhas_altar_4,
          minivault_5
Temple:   nicolae_temple_hex_pool
Lair:1:   layout_regular_city, beast_lair_carwin_8
Lair:2:   dragon1_lemuel, layout_regular_city, spider_nest_entry_rubble,
          nicolae_volcano_entry_hallway, serial_bayou_shore_b
Lair:3:   layout_regular_city, shoals_dummy_entry, basic_altar,
          grunt_megastairs_2, serial_bayou_shore_a
Lair:4:   layout_cave_shapes, grunt_forest_stairs_basic, grunt_megastairs_4
Lair:5:   layout_misc_corridors, minmay_slime_entry_oklob_enclosed,
          portal_ice_cave_entry_ice_beasts, chequers_serial_rivers_micro_a,
          infiniplex_staircase_pool, grunt_megastairs_1, uniq_urug,
          uniq_josephine
Lair:6:   gammafunk_lair_ancient_temple, layout_concentric_octagons
Shoals:1: cheibrodos_shoals_three_sisters, layout_shoals,
          nicolae_shoals_water_shrine
Orc:1:    layout_caves
Orc:2:    grunt_orc_gardens, layout_caves, grunt_orc_garden, grunt_orc_garden,
          grunt_orc_garden, grunt_orc_garden, basic_altar,
          nicolae_orc_lava_tube, nicolae_orc_bridge_out

Skill      XL: |  1  2  3  4  5  6  7  8  9 10 11 12 13 14 15 16 17 |
---------------+----------------------------------------------------+-----
Conjurations   | 2 4 6 |  6.0
Spellcasting   | 4 5 6 7 8 9 10 11 12 | 12.2
Air Magic      | 4 5 6 8 9 10 12 13 15 16 | 16.9
Fighting       | 2 5 6 8 10 11 12 | 12.3
Dodging        | 5 8 |  8.5
Stealth        | 3 8 |  8.0
Armour         | 4 5 |  5.0
Ice Magic      | 7 8 9 |  9.9
Shields        | 3 5 |  5.0

Action                   |  1- 3 |  4- 6 |  7- 9 | 10-12 | 13-15 | 16-18 || total
-------------------------+-------+-------+-------+-------+-------+-------++-------
Melee: Dagger            |     5 |    41 |    34 |    42 |       |       ||   122
       Spear             |       |       |       |       |    67 |    38 ||   105
 Cast: Shock             |    74 |   110 |    28 |    37 |    19 |       ||   268
       Airstrike         |       |     9 |   122 |   381 |   364 |   121 ||   997
       Swiftness         |       |     3 |       |       |     1 |     3 ||     7
       Lightning Bolt    |       |       |       |    18 |    39 |    22 ||    79
       Iskenderun's Myst |       |       |       |    23 |    29 |    54 ||   106
       Freezing Cloud    |       |       |       |     4 |    29 |    37 ||    70
       Iskenderun's Batt |       |       |       |       |     2 |       ||     2
       Ozocubu's Armour  |       |       |       |       |       |    10 ||    10
Evoke: Wand              |       |       |       |     7 |     8 |     1 ||    16
  Use: Scroll            |       |     3 |       |     8 |    23 |     3 ||    37
       Potion            |       |     2 |       |     1 |     2 |     3 ||     8
 Stab: Sleeping          |       |     4 |       |     1 |     1 |       ||     6
       Distracted        |       |       |       |       |     1 |       ||     1
Armor: Robe              |     3 |    10 |    11 |    57 |    26 |    23 ||   130
Dodge: Dodged            |     8 |    45 |    28 |   144 |   106 |    65 ||   396
Block: Buckler           |       |       |       |       |    74 |    73 ||   147
       Reflection        |       |       |       |       |     3 |    19 ||    22

Table legend: (Time is in decaauts)
 A = Elapsed time spent in this place.
 B = Non-inter-level travel time spent in this place.
 C = Inter-level travel time spent in this place.
 D = Time resting spent in this place.
 E = Time spent auto-exploring this place.
 F = Levels seen in this place.
 G = Mean time per level.
                   A        B        C        D        E       F      G
               +--------+--------+--------+--------+--------+-----+--------+
         Total |  40519 |  38247 |   2272 |  12544 |  21588 |  25 | 1620.8 |
       Dungeon |  26601 |  25117 |   1484 |   7470 |  15007 |  15 | 1773.4 |
        Temple |    114 |     78 |     36 |      0 |     70 |   1 |  114.0 |
          Lair |  10100 |   9500 |    600 |   2951 |   5545 |   6 | 1683.3 |
        Shoals |     25 |     25 |      0 |      0 |      0 |   1 |   25.0 |
  Orcish Mines |   3677 |   3526 |    151 |   2123 |    966 |   2 | 1838.5 |
               +--------+--------+--------+--------+--------+-----+--------+

Top non-repeatable levels by time:
     D:8: 3909 daAuts
     D:9: 3722 daAuts
    D:14: 2621 daAuts
  Lair:5: 2259 daAuts
  Lair:6: 2124 daAuts
     D:7: 2075 daAuts
   Orc:1: 2065 daAuts
    D:13: 2053 daAuts
  Lair:3: 2051 daAuts
    D:11: 1627 daAuts
   Orc:2: 1611 daAuts
    D:10: 1509 daAuts
  Lair:2: 1501 daAuts
     D:3: 1375 daAuts
    D:15: 1306 daAuts
